Map: 안갯속 표류기

Players

펜타네스트

  • Race: Zerg Zerg

짐이되고있다

  • Race: Terran Terran
  • Spawn Location: 5:00

VOD

Have the link to the VOD?

Description

Time

  • Played on: Jan. 22, 2018, 2:07 a.m.
  • Length: 30:15
Show
View Real Time Build Order
Export as new Build Order

펜타네스트 Zerg 

Build Orders:  

Get SALT Encoding   

  18  0:03  Primal Drone  
  19  0:11  Primal Drone  
  19  0:18  Primal Drone  
  21  0:24  Primal Drone  
  22  0:33  Primal Drone  
  22  0:38  Extractor  
  23  0:58  Primal Warden  
  24  1:03  Primal Drone  
  25  1:11  Extractor  
  25  1:17  Primal Drone  
  26  1:24  Primal Drone  
  27  1:37  Primal Drone  
  28  2:00  Primal Zergling  
  28  2:01  Glevig's Den  
  28  2:04  Primal Drone  
  29  2:11  Primal Drone  
  30  2:54  Primal Hive  
  35  3:04  Primal Drone x2  
  37  3:28  Primal Drone  
  37  3:29  Primal Drone  
  39  3:36  Murvar's Den  
  38  3:54  Primal Drone  
  38  3:55  Primal Drone  
  40  4:13  Primal Drone  
  41  4:27  Primal Drone  
  42  4:36  Primal Drone  
  42  4:37  Primal Drone  
  44  4:52  Primal Hive  
  44  4:53  Extractor x2  
  44  4:55  Primal Drone  
  44  4:56  Primal Drone x3  
  48  5:06  Primal Warden  
  48  5:25  Primal Drone x4  
  52  5:51  Primal Drone x2  
  52  5:57  Slicing Glave  
  52  5:58  Dakrun's Den  
  53  6:28  Primal Drone x6  
  53  6:29  Primal Attacks Level 1, Primal Carapace Level 1  
  59  6:56  Primal Warden  
  59  6:57  Shifting Carapace  
  60  7:09  Primal Warden  
  61  7:19  Primal Wurm  
  62  7:22  Primal Drone x2  
  62  7:23  Primal Drone x2  
  66  7:57  Primal Reconstitution  
  65  8:05  Primal Hydralisk x6  
  65  8:09  Primal Drone x3  
  80  8:14  Primal Hydralisk x2  
  84  8:46  Primal Mutalisk x2, Primal Hydralisk  
  84  8:47  Primal Mutalisk x2  
  84  8:48  Primal Hydralisk x5  
  92  9:23  Primal Mutalisk x2  
  92  9:24  Primal Mutalisk  
  89  9:38  Primal Hydralisk x9  
  107  10:08  Primal Hydralisk  
  107  10:09  Primal Hydralisk x5  
  119  10:10  Primal Mutalisk x4  
  115  10:20  Primal Attacks Level 2  
  115  10:43  Primal Hydralisk x5  
  115  10:44  Primal Hydralisk  
  127  10:52  Primal Mutalisk x3  
  127  10:59  Primal Hydralisk  
  126  11:14  Primal Mutalisk x2  
  126  11:15  Primal Mutalisk  
  126  11:16  Primal Hydralisk  
  127  11:23  Primal Wurm x2  
  127  11:44  Primal Mutalisk  
  126  11:55  Primal Hydralisk  
  126  11:56  Primal Hydralisk x5  
  139  12:05  Primal Wurm  
  139  12:37  Primal Mutalisk x2  
  135  12:41  Primal Mutalisk  
  135  12:44  Primal Drone x3  
  135  12:45  Primal Drone x7  
  141  13:04  Primal Wurm  
  141  13:06  Primal Wurm  
  141  13:18  Primal Hydralisk  
  141  13:19  Primal Hydralisk x4  
  148  13:31  Primal Hydralisk x3  
  154  13:47  Primal Hydralisk x3  
  154  13:48  Primal Mutalisk  
  154  13:49  Primal Mutalisk  
  155  14:17  Primal Hydralisk x5  
  163  14:32  Primal Mutalisk x2  
  161  15:01  Primal Mutalisk, Primal Hydralisk x5  
  161  15:02  Primal Mutalisk  
  167  15:24  Primal Mutalisk  
  167  15:25  Primal Hydralisk x6  
  178  15:35  Primal Mutalisk  
  178  15:36  Primal Mutalisk  
  176  15:57  Primal Mutalisk x2  
  176  15:58  Primal Mutalisk  
  144  16:47  Primal Hydralisk x11  
  164  16:56  Primal Drone x7  
  163  17:19  Primal Mutalisk x3  
  160  17:20  Primal Mutalisk x2  
  153  17:44  Primal Drone x2  
  153  17:45  Primal Drone x4  
  153  17:49  Primal Warden  
  158  18:08  Primal Hydralisk x5  
  163  18:27  Primal Hydralisk  
  165  18:45  Primal Hydralisk  
  167  19:09  Primal Hydralisk  
  166  19:17  Primal Hydralisk  
  168  19:31  Primal Mutalisk  
  168  19:32  Primal Mutalisk  
  168  19:35  Primal Mutalisk  
  165  19:42  Primal Hydralisk  
  173  19:52  Primal Wurm  
  173  19:53  Primal Wurm  
  173  19:58  Primal Wurm  
  173  20:00  Primal Wurm x2  
  173  20:02  Primal Wurm  
  173  20:12  Primal Mutalisk  
  173  20:14  Primal Hydralisk x2  
  177  20:27  Primal Warden  
  177  20:33  Primal Mutalisk  
  176  21:07  Primal Hydralisk x9  
  194  21:14  Primal Mutalisk  
  194  21:17  Primal Attacks Level 3, Primal Carapace Level 2  
  193  21:35  Primal Hydralisk x3  
  193  21:38  Primal Drone  
  200  21:40  Primal Mutalisk x3  
  200  21:41  Primal Mutalisk  
  196  22:32  Primal Hydralisk x2  
  196  22:33  Primal Mutalisk  
  199  23:04  Primal Mutalisk  
  198  23:17  Primal Mutalisk  
  197  23:41  Primal Hydralisk  
  198  23:56  Primal Hydralisk x2  
  200  24:39  Primal Mutalisk  
  197  26:17  Primal Hydralisk  
  197  27:16  Primal Hydralisk  
  186  28:59  Primal Drone x10  
  190  29:35  Primal Hydralisk x5  
Show
View Real Time Build Order
Export as new Build Order

짐이되고있다 Terran 

Build Orders:  

Get SALT Encoding   

Tags
 
Add a new tag
Caveats
  • Supply blocks, unpowered buildings, or Contaminate may cause inaccurate times.
  • Supply counts are checked every 10 seconds.